 Dungeon Crawl Stone Soup version 0.32-a0-779-g362cfcae2a (webtiles) character file.

Game seed: 2832281735952943160

9 Grombok the Poker (level 2, -1/29 HPs)
             Began as an Oni Gladiator on Mar 19, 2024.
             Slain by an iguana (5 damage)
             ... on level 4 of the Dungeon.
             The game lasted 00:00:52 (159 turns).

Grombok the Poker (Oni Gladiator)                    Turns: 159, Time: 00:00:52

Health: -1/29      AC:  3    Str: 17    XL:     2   Next: 12%
Magic:  2/2        EV:  9    Int:  9    God:
Gold:   0          SH:  0    Dex: 10    Spells: 1/1 levels left

rFire   . . .        a - +0 trident
rCold   . . .        (no shield)
rNeg    . . .        b - +0 robe
rPois   .            c - +0 hat
rElec   .            (no cloak)
rCorr   .            (gloves unavailable)
SInv    .            (boots unavailable)
Will    .....        (no amulet)
Stlth   +            (no ring)
HPRegen 0.24/turn    (no ring)
MPRegen 0.08/turn

%: no passive effects
@: no status effects
A: large, unfitting armour, horns 1, tough skin 1, double potion healing,
drunken brawling
a: no special abilities


You were on level 4 of the Dungeon.
You visited 1 branch of the dungeon, and saw 4 of its levels.

Inventory:

Hand Weapons
 a - a +0 trident (weapon)
Missiles
 d - 3 throwing nets (quivered)
 e - a large rock
Armour
 b - a +0 robe (worn)
 c - a +0 hat (worn)
Scrolls
 f - a scroll of identify {unknown}
 g - a scroll of fog {unknown}


   Skills:
 + Level 2.9 Fighting
 + Level 3.2 Polearms
 + Level 2.0 Throwing
 + Level 2.9 Dodging


You had one spell level left.
You didn't know any spells.
Your spell library was empty.

Dungeon Overview and Level Annotations

Branches:
Dungeon (4/15)
 Temple: D:4-7

Altars:


Innate Abilities, Weirdness & Mutations

You are too large for most types of armour.
You have a pair of small horns on your head.
You have tough skin. (AC +1)
You gain doubled healing and magic from potions.
Whenever you drink a healing potion, you attack all around you.


Message History

The endoplasm hits you but does no damage.
You puncture the endoplasm!
You kill the endoplasm!
Found a short glowing staff.
Found a stone staircase leading down.
Found a stone staircase leading down.
There is a stone staircase leading down here.
You climb downwards.
The iguana hisses angrily.
There is a stone staircase leading up here.
The iguana barely misses you.
You puncture the dart slug!
The dart slug is severely wounded.
The dart slug bites you but does no damage.
The iguana bites you!
You hit the dart slug but do no damage. You headbutt the dart slug.
The dart slug is almost dead.
The kobold barely misses you. The iguana barely misses you.
The dart slug launches a dart at you. The slug dart misses you.
You hit the dart slug but do no damage. You headbutt the dart slug.
You kill the dart slug!
The kobold hits you with a +0 dagger. The iguana barely misses you.
You have reached level 2!
You barely miss the iguana. The kobold closely misses you.
The iguana barely misses you.
You completely miss the iguana. The kobold hits you with a +0 dagger.
The iguana bites you!
* * * LOW HITPOINT WARNING * * *
You barely miss the iguana. You headbutt the iguana.
The iguana is lightly wounded.
The kobold hits you with a +0 dagger.
* * * LOW HITPOINT WARNING * * *
The iguana bites you.
* * * LOW HITPOINT WARNING * * *
You closely miss the iguana. You headbutt the iguana.
The iguana is moderately wounded.
The kobold barely misses you. The iguana closely misses you.
The kobold hits you but does no damage. The iguana bites you.
You die...

########+###
...........#
...........#
...........#
...........#
.......lK..#
.......@.<.#
...........#
############


You could see an iguana and a kobold.

Vanquished Creatures
  A dart slug (D:4)
  2 ball pythons (D:1)
  2 endoplasms
  A giant cockroach (D:1)
6 creatures vanquished.

Notes
Turn   | Place    | Note
-------+----------+-------------------------------------------
     0 | D:1      | Grombok the Oni Gladiator began the quest for the Orb.
     0 | D:1      | Reached XP level 1. HP: 22/22 MP: 1/1
   150 | D:4      | Noticed an iguana
   156 | D:4      | Reached XP level 2. HP: 15/29 MP: 2/2
   159 | D:4      | Slain by an iguana

Illustrated notes

Levels and vault maps discovered:
D:1:      amcnicky_arrival_underground_garden, layout_rooms, minivault_5
D:2:      layout_rooms
D:3:      layout_loops_cross
D:4:      layout_gridville, fedhas_altar_4

Action                     || total
---------------------------++-------
  Melee: Trident           ||    16
         Headbutt          ||     6
 Armour: Robe              ||    20
  Dodge: Dodged            ||    19

Table legend: (Time is in decaauts)
 A = Elapsed time spent in this place.
 B = Non-inter-level travel time spent in this place.
 C = Inter-level travel time spent in this place.
 D = Time resting spent in this place.
 E = Time spent auto-exploring this place.
 F = Levels seen in this place.
 G = Mean time per level.
                   A        B        C        D        E       F      G
               +--------+--------+--------+--------+--------+-----+--------+
         Total |    160 |    160 |      0 |      0 |      0 |   4 |   40.0 |
       Dungeon |    160 |    160 |      0 |      0 |      0 |   4 |   40.0 |
               +--------+--------+--------+--------+--------+-----+--------+

Top non-repeatable levels by time:
     D:3: 70 daAuts
     D:1: 50 daAuts
     D:2: 29 daAuts
     D:4: 9 daAuts
